TOP OF THE 1ST |
Vermont Lake Monsters batting - Pitching for Staten Island Yankees : RHP Ghislain Pistone
|
Pitching: RHP Ghislain Pistone
|
|
Batting: RHB Armando Estrada
|
0-0: Ball 1-0: Ball 2-0: Called Strike 2-1: DOUBLE (Groundball, 5L, EV 106.9 MPH)
|
Batting: LHB Juan Villafana
|
0-0: Ball 1-0: Foul Ball, location: 2F 1-1: Ball 2-1: Swinging Strike 2-2: Ground out 4-3 (Groundball, 4, EV 104.4 MPH) Armando Estrada to third
|
Batting: LHB Chance Stever
|
0-0: Ball 1-0: Ball 2-0: Called Strike 2-1: Ball 3-1: Base on Balls
|
Batting: RHB Jonathan Gallup
|
0-0: Ball 1-0: Ball 2-0: Foul Ball, location: 2F 2-1: Ball 3-1: Fly out, F8 (Flyball, 8LXD, EV 93.1 MPH) Runner from 3rd tags up, SCORES, no throw by CF
|
Batting: LHB Lee Gerken
|
0-0: Ball 1-0: Foul Ball, location: 2F 1-1: Called Strike 1-2: Ball 2-2: Ball 3-2: Foul Ball, location: 2F 3-2: Foul Ball, location: 2F 3-2: Foul Ball, location: 2F 3-2: Foul Ball, location: 2F 3-2: Foul Ball, location: 2F 3-2: Base on Balls Chance Stever to second
|
Batting: RHB Eduardo Chavez
|
0-0: Called Strike 0-1: Swinging Strike 0-2: Foul Ball, location: 2F 0-2: Strikes out swinging
|
Top of the 1st over - 1 run, 1 hit, 0 errors, 2 left on base; Vermont 1 - Staten Island 0 |
BOTTOM OF THE 1ST |
Staten Island Yankees batting - Pitching for Vermont Lake Monsters : LHP Shane Stratton
|
Pitching: LHP Shane Stratton
|
|
Batting: RHB Ben Kidder
|
0-0: Ball 1-0: Called Strike 1-1: DOUBLE (Groundball, 5L, EV 106.2 MPH)
|
Batting: RHB Jose Tovar
|
0-0: Called Strike 0-1: Ball 1-1: Ball 2-1: Called Strike Ben Kidder steals 3rd base 2-2: Foul Ball, location: 2F 2-2: Fly out, F8 (Line Drive, 8LD, EV 101.9 MPH) Runner from 3rd tags up, SCORES, throw by CF
|
Batting: LHB Victor Fiallos
|
0-0: Ball 1-0: Ball 2-0: Ball 3-0: Called Strike 3-1: Fly out, F8 (Flyball, 8RXD, EV 91.2 MPH)
|
Batting: RHB Sam Hubbert
|
0-0: Called Strike 0-1: Ground out 6-3 (Groundball, 6MD, EV 86.9 MPH)
|
Bottom of the 1st over - 1 run, 1 hit, 0 errors, 0 left on base; Vermont 1 - Staten Island 1 |
TOP OF THE 2ND |
Vermont Lake Monsters batting - Pitching for Staten Island Yankees : RHP Ghislain Pistone
|
Batting: LHB Jonathan McDaniel
|
0-0: Ball 1-0: Ball 2-0: Ball 3-0: Base on Balls
|
Batting: RHB Hidetada Iba
|
0-0: Ball Jonathan McDaniel is caught stealing 2nd base 2-4 1-0: Ball 2-0: Called Strike 2-1: Called Strike 2-2: Ball 3-2: Foul Ball, location: 2F 3-2: Strikes out looking
|
Batting: RHB Antonio Bautista
|
0-0: Called Strike 0-1: Ball 1-1: Foul Ball, location: 2F 1-2: Fly out, F8 (Flyball, 8LM, EV 78.1 MPH)
|
Top of the 2nd over - 0 runs, 0 hits, 0 errors, 0 left on base; Vermont 1 - Staten Island 1 |
BOTTOM OF THE 2ND |
Staten Island Yankees batting - Pitching for Vermont Lake Monsters : LHP Shane Stratton
|
Batting: RHB Alex Colon
|
0-0: Ball 1-0: Fly out, F9 (Flyball, 9D, EV 100.6 MPH)
|
Batting: LHB Bart Davies
|
0-0: Ball 1-0: Swinging Strike 1-1: Foul Ball, location: 2F 1-2: Ground out 5-3 (Groundball, 25, EV 81.9 MPH)
|
Batting: RHB Matt Crane
|
0-0: Ball 1-0: Foul Ball, location: 2F 1-1: Called Strike 1-2: Ball 2-2: Ball 3-2: Base on Balls
|
Batting: LHB Marty Hafner
|
0-0: Foul Ball, location: 2F 0-1: Foul Ball, location: 2F 0-2: Foul Ball, location: 2F 0-2: Foul Ball, location: 2F 0-2: Strikes out looking
|
Bottom of the 2nd over - 0 runs, 0 hits, 0 errors, 1 left on base; Vermont 1 - Staten Island 1 |
TOP OF THE 3RD |
Vermont Lake Monsters batting - Pitching for Staten Island Yankees : RHP Ghislain Pistone
|
Batting: RHB Armando Estrada
|
0-0: Called Strike 0-1: Ball 1-1: SINGLE (Line Drive, 78S, EV 88.8 MPH)
|
Batting: LHB Juan Villafana
|
0-0: Ball 1-0: Ball Wild Pitch! Armando Estrada to second 2-0: Ball 3-0: Base on Balls
|
Batting: LHB Chance Stever
|
0-0: Ball 1-0: Ball 2-0: Called Strike 2-1: Fly out, F9 (Line Drive, 9, EV 90.6 MPH)
|
Batting: RHB Jonathan Gallup
|
0-0: Swinging Strike 0-1: Ball 1-1: Ball 2-1: Swinging Strike 2-2: Foul Ball, location: 2F 2-2: Foul Ball, location: 2F 2-2: Ball 3-2: Base on Balls Armando Estrada to third Juan Villafana to second
|
Pitching: LHP George Grady
|
|
Batting: LHB Lee Gerken
|
0-0: Ball 1-0: Called Strike 1-1: Called Strike 1-2: Strikes out swinging
|
Batting: RHB Eduardo Chavez
|
0-0: SINGLE (Groundball, 56D, EV 103.8 MPH) Armando Estrada scores Juan Villafana to third Jonathan Gallup to second Runner from 3rd tries for Home, SAFE, throw by LF to home
|
Batting: LHB Jonathan McDaniel
|
0-0: Called Strike 0-1: Foul Ball, location: 2F 0-2: SINGLE (Groundball, 4D, EV 95.0 MPH) Jonathan Gallup to third Eduardo Chavez to second Runner from 3rd tries for Home, SAFE, throw by RF to home
|
Batting: RHB Hidetada Iba
|
0-0: Called Strike 0-1: Ball 1-1: Called Strike 1-2: Ball 2-2: Foul Ball, location: 2F 2-2: Strikes out swinging
|
Top of the 3rd over - 3 runs, 3 hits, 0 errors, 2 left on base; Vermont 4 - Staten Island 1 |
BOTTOM OF THE 3RD |
Staten Island Yankees batting - Pitching for Vermont Lake Monsters : LHP Shane Stratton
|
Batting: RHB Alfredo Razo
|
0-0: Ball 1-0: Called Strike 1-1: Called Strike 1-2: Strikes out swinging
|
Batting: RHB Ben Kidder
|
0-0: Ball 1-0: Fly out, F5 (Line Drive, 5, EV 67.5 MPH)
|
Batting: RHB Jose Tovar
|
0-0: Called Strike 0-1: Foul Ball, location: 2F 0-2: Foul Ball, location: 2F 0-2: Strikes out swinging
|
Bottom of the 3rd over - 0 runs, 0 hits, 0 errors, 0 left on base; Vermont 4 - Staten Island 1 |
TOP OF THE 4TH |
Vermont Lake Monsters batting - Pitching for Staten Island Yankees : LHP George Grady
|
Batting: RHB Antonio Bautista
|
0-0: Ball 1-0: Called Strike 1-1: Foul Ball, location: 2F 1-2: Ball 2-2: Ground out 4-3 (Groundball, 4D, EV 105.0 MPH)
|
Batting: RHB Armando Estrada
|
0-0: Called Strike 0-1: Ball 1-1: TRIPLE (Flyball, 78XD, EV 101.9 MPH)
|
Batting: LHB Juan Villafana
|
0-0: Called Strike 0-1: Fly out, F9 (Flyball, 9S, EV 93.1 MPH) Runner from 3rd tags up, OUT at HOME! 9-2
|
Top of the 4th over - 0 runs, 1 hit, 0 errors, 0 left on base; Vermont 4 - Staten Island 1 |
BOTTOM OF THE 4TH |
Staten Island Yankees batting - Pitching for Vermont Lake Monsters : LHP Shane Stratton
|
Batting: LHB Victor Fiallos
|
0-0: Ground out U3 (Groundball, 3L, EV 82.5 MPH)
|
Batting: RHB Sam Hubbert
|
0-0: Ball 1-0: Ball 2-0: Called Strike 2-1: Fly out, F3 (Flyball, 3D, EV 77.5 MPH)
|
Batting: RHB Alex Colon
|
0-0: Called Strike 0-1: Swinging Strike 0-2: Foul Ball, location: 2F 0-2: Strikes out swinging, 2-3 out at first.
|
Bottom of the 4th over - 0 runs, 0 hits, 0 errors, 0 left on base; Vermont 4 - Staten Island 1 |
TOP OF THE 5TH |
Vermont Lake Monsters batting - Pitching for Staten Island Yankees : LHP George Grady
|
Batting: LHB Chance Stever
|
0-0: Swinging Strike 0-1: Ball 1-1: Foul Ball, location: 2F 1-2: Ball 2-2: Foul Ball, location: 2F 2-2: Fly out, F7 (Flyball, 7S, EV 90.0 MPH)
|
Batting: RHB Jonathan Gallup
|
0-0: Called Strike 0-1: SOLO HOME RUN (Flyball, 7D, EV 98.8 MPH), Distance : 376 ft
|
Pitching: LHP Josh Shaw
|
|
Batting: LHB Lee Gerken
|
0-0: Ball 1-0: Foul Ball, location: 2F 1-1: Foul Ball, location: 2F 1-2: Ball 2-2: Ball 3-2: Fly out, F4 (Flyball, 34D, EV 83.1 MPH)
|
Batting: RHB Eduardo Chavez
|
0-0: Called Strike 0-1: Swinging Strike 0-2: Strikes out swinging
|
Top of the 5th over - 1 run, 1 hit, 0 errors, 0 left on base; Vermont 5 - Staten Island 1 |
BOTTOM OF THE 5TH |
Staten Island Yankees batting - Pitching for Vermont Lake Monsters : LHP Shane Stratton
|
Batting: LHB Bart Davies
|
0-0: Ball 1-0: Called Strike 1-1: Foul Ball, location: 2F 1-2: Ball 2-2: Ground out 6-3 (Groundball, 6MD, EV 85.6 MPH)
|
Batting: RHB Matt Crane
|
0-0: Called Strike 0-1: Foul Ball, location: 2F 0-2: Strikes out swinging
|
Batting: LHB Marty Hafner
|
0-0: Ball 1-0: Ball 2-0: Called Strike 2-1: Called Strike 2-2: Foul Ball, location: 2F 2-2: Strikes out swinging
|
Bottom of the 5th over - 0 runs, 0 hits, 0 errors, 0 left on base; Vermont 5 - Staten Island 1 |
TOP OF THE 6TH |
Vermont Lake Monsters batting - Pitching for Staten Island Yankees : LHP Josh Shaw
|
Batting: LHB Jonathan McDaniel
|
0-0: Swinging Strike 0-1: Ball 1-1: Called Strike 1-2: Ball 2-2: Strikes out swinging
|
Batting: RHB Hidetada Iba
|
0-0: Ball 1-0: Ball 2-0: Ground out 4-3 (Groundball, 4, EV 91.9 MPH)
|
Batting: RHB Antonio Bautista
|
0-0: Foul Ball, location: 2F 0-1: Ground out 5-3 (Groundball, 5S, EV 90.0 MPH)
|
Top of the 6th over - 0 runs, 0 hits, 0 errors, 0 left on base; Vermont 5 - Staten Island 1 |
BOTTOM OF THE 6TH |
Staten Island Yankees batting - Pitching for Vermont Lake Monsters : LHP Shane Stratton
|
Batting: RHB Alfredo Razo
|
0-0: Ball 1-0: Ball 2-0: Called Strike 2-1: Ball 3-1: Foul Ball, location: 2F 3-2: Strikes out looking
|
Batting: RHB Ben Kidder
|
0-0: Ball 1-0: Ground out 6-3 (Groundball, 56, EV 98.8 MPH)
|
Batting: RHB Jose Tovar
|
0-0: Fly out, F8 (Flyball, 89M, EV 88.8 MPH)
|
Bottom of the 6th over - 0 runs, 0 hits, 0 errors, 0 left on base; Vermont 5 - Staten Island 1 |
TOP OF THE 7TH |
Vermont Lake Monsters batting - Pitching for Staten Island Yankees : LHP Josh Shaw
|
Batting: RHB Armando Estrada
|
0-0: Foul Ball, location: 2F 0-1: Ball 1-1: Ball 2-1: Foul Ball, location: 2F 2-2: Ball 3-2: Foul Ball, location: 2F 3-2: Strikes out swinging
|
Batting: LHB Juan Villafana
|
0-0: Called Strike 0-1: Fly out, F6 (Flyball, 6D, EV 90.0 MPH)
|
Batting: LHB Chance Stever
|
0-0: Ground out 3-1 (Groundball, 34, EV 83.8 MPH)
|
Top of the 7th over - 0 runs, 0 hits, 0 errors, 0 left on base; Vermont 5 - Staten Island 1 |
BOTTOM OF THE 7TH |
Staten Island Yankees batting - Pitching for Vermont Lake Monsters : LHP Shane Stratton
|
Batting: LHB Victor Fiallos
|
0-0: Ball 1-0: Swinging Strike 1-1: Ball 2-1: Ball 3-1: Called Strike 3-2: Foul Ball, location: 2F 3-2: Base on Balls
|
Batting: RHB Sam Hubbert
|
0-0: Called Strike 0-1: Fly out, F8 (Line Drive, 8RM, EV 86.9 MPH)
|
Batting: RHB Alex Colon
|
0-0: Ball 1-0: Called Strike 1-1: Foul Ball, location: 2F 1-2: Ball 2-2: Strikes out swinging
|
Pitching: LHP Jin-ho Koo
|
|
Batting: LHB Bart Davies
|
0-0: Called Strike 0-1: Ball 1-1: Ball Wild Pitch! Victor Fiallos to second 2-1: Fly out, F3 (Line Drive, 3, EV 67.5 MPH)
|
Bottom of the 7th over - 0 runs, 0 hits, 0 errors, 1 left on base; Vermont 5 - Staten Island 1 |
TOP OF THE 8TH |
Vermont Lake Monsters batting - Pitching for Staten Island Yankees : LHP Josh Shaw
|
Pitching: LHP Spartak Polovnev
|
|
Batting: RHB Jonathan Gallup
|
0-0: Ball 1-0: Foul Ball, location: 2F 1-1: Swinging Strike 1-2: Ball 2-2: Ball 3-2: Strikes out looking
|
Batting: LHB Lee Gerken
|
0-0: Ball 1-0: Swinging Strike 1-1: Ball 2-1: Ball 3-1: Base on Balls
|
Batting: RHB Eduardo Chavez
|
0-0: Ball 1-0: Ball 2-0: Ball 3-0: Foul Ball, location: 2F 3-1: Base on Balls Lee Gerken to second
|
Batting: LHB Jonathan McDaniel
|
0-0: Ball 1-0: Called Strike 1-1: Foul Ball, location: 2F 1-2: Foul Ball, location: 2F 1-2: Foul Ball, location: 2F 1-2: Foul Ball, location: 2F 1-2: Foul Ball, location: 2F 1-2: Fielders Choice at 2nd, 4-6 (Groundball, 4, EV 91.9 MPH) Lee Gerken to third
|
Pitching: RHP Cale Morris
|
|
Batting: RHB Hidetada Iba
|
Pickoff Throw to First - Out! 1-3
|
Top of the 8th over - 0 runs, 0 hits, 0 errors, 1 left on base; Vermont 5 - Staten Island 1 |
BOTTOM OF THE 8TH |
Staten Island Yankees batting - Pitching for Vermont Lake Monsters : LHP Jin-ho Koo
|
Batting: RHB Matt Crane
|
0-0: Called Strike 0-1: Foul Ball, location: 2F 0-2: Strikes out swinging
|
Batting: LHB Marty Hafner
|
0-0: Ball 1-0: Called Strike 1-1: Ball 2-1: Swinging Strike 2-2: Strikes out swinging
|
Batting: RHB Alfredo Razo
|
0-0: Ground out 5-3 (Groundball, 56, EV 87.5 MPH)
|
Bottom of the 8th over - 0 runs, 0 hits, 0 errors, 0 left on base; Vermont 5 - Staten Island 1 |
TOP OF THE 9TH |
Vermont Lake Monsters batting - Pitching for Staten Island Yankees : RHP Cale Morris
|
Batting: RHB Hidetada Iba
|
0-0: Called Strike 0-1: Swinging Strike 0-2: Ground out U3 (Groundball, 13, EV 78.8 MPH)
|
Batting: RHB Antonio Bautista
|
0-0: Called Strike 0-1: Foul Ball, location: 2F 0-2: Ball 1-2: Ball 2-2: Ball 3-2: Ground out 6-3 (Groundball, 6, EV 101.9 MPH)
|
Batting: RHB Armando Estrada
|
0-0: Ball 1-0: Ball 2-0: Ball 3-0: Base on Balls
|
Batting: LHB Juan Villafana
|
0-0: Called Strike Armando Estrada is caught stealing 2nd base 2-6
|
Top of the 9th over - 0 runs, 0 hits, 0 errors, 0 left on base; Vermont 5 - Staten Island 1 |
BOTTOM OF THE 9TH |
Staten Island Yankees batting - Pitching for Vermont Lake Monsters : LHP Jin-ho Koo
|
Batting: RHB Ben Kidder
|
0-0: Called Strike 0-1: Foul Ball, location: 2F 0-2: Strikes out swinging
|
Batting: RHB Jose Tovar
|
0-0: Called Strike 0-1: Ball 1-1: Fly out, F8 (Flyball, 78XD, EV 101.2 MPH)
|
Batting: LHB Victor Fiallos
|
0-0: Called Strike 0-1: Ball 1-1: Swinging Strike 1-2: Ball 2-2: Strikes out swinging
|
Bottom of the 9th over - 0 runs, 0 hits, 0 errors, 0 left on base; Vermont 5 - Staten Island 1 |
|